[Event "*** Titled Tuesday Blitz"]
[Site "Chess.com"]
[Date "2021.03.30"]
[Round "9"]
[White "NikolaN98"]
[Black "bolence16"]
[Result "1-0"]
[WhiteElo "2661"]
[BlackElo "2440"]
[TimeControl "180+1"]
[EndTime "11:47:25 PDT"]
[Termination "NikolaN98 won by resignation"]

1. e4 e5 2. Nf3 Nc6 3. Bc4 Nf6 4. d3 Be7 5. O-O O-O 6. a4 d5 7. exd5 Nxd5 8. Re1 Bg4 9. c3 Re8 10. a5 a6 11. Nbd2 Bc5 12. Qb3 Be6 13.
Ne4 b6 14. Nxc5 bxc5 15. Nxe5 Nxe5 16. Rxe5 Rb8 17. Qd1 Qd6 18. Re1 Bg4 19. f3 Bf5 20. Re2 h6 21. Qe1 Bd7 22. Rxe8+ Rxe8 23. Qf2 Bb5 24.
Bxd5 Qxd5 25. c4 Bxc4 26. dxc4 Qxc4 27. Be3 Qd3 28. Re1 c4 29. Qd2 Rb8 30. Qxd3 cxd3 31.
Bd4 Rb5 32. Bc3 c5 33. Kf2 c4 34. Re8+ Kh7 35. Ke3 Rd5 36. Re7 Kg6 37. Re4 Rc5 38.
Re5 Rc6 39. Kd4 f6 40. Rc5 Rd6+ 41. Rd5 Re6 42. Kxc4 Re2 43. Rxd3 Rxg2 44. Rd6 Rxh2 45. Rxa6 Rh1 46. b4 h5 47. Ra8 h4 48. a6 h3 49. a7 Rh2 50. Rh8 Ra2 51. a8=Q Rxa8 52.
Rxa8 Kf5 53. Rh8 1-0

[Event "*** Titled Tuesday Blitz"]
[Site "Chess.com"]
[Date "2021.03.30"]
[Round "9"]
[White "Tactictic"]
[Black "eldur16"]
[Result "1-0"]
[WhiteElo "2403"]
[BlackElo "2549"]
[TimeControl "180+1"]
[EndTime "11:47:25 PDT"]
[Termination "Tactictic won by resignation"]

1. e4 g6 2. d4 Bg7 3. Nc3 d6 4. f4 a6 5. Nf3 b5 6. Bd3 Nd7 7. O-O c5 8. Be3 cxd4 9. Nxd4 Bb7 10. Nd5 Ngf6 11. Nxf6+ Nxf6 12. e5 dxe5 13. fxe5 Nd5 14. Be4 Nxe3 15. Bxb7 Nxd1 16. Bc6+ Kf8 17. Ne6+ Kg8 18.
Nxd8 Rxd8 19. Raxd1 Rxd1 20. Rxd1 Bxe5 21. Rd8+ Kg7 22. Rxh8 Kxh8 23. c3 Kg7 24. g3 f5 25.
Kf2 Kf6 26. a3 Ke6 27. Bb7 a5 28. Bc6 b4 29. axb4 axb4 30. cxb4 Bxb2 31. Ba4 g5 32. Bb3+ Ke5 33. h3 h6 34. Kf3 Bc3 35.
g4 e6 36. b5 Bd4 37. Bc4 Bb6 38. Bb3 Kd6 39. Bc4 fxg4+ 40. hxg4 Ke5 41. Bb3 Bc5 42. Bc4 Kf6 43. Bb3 e5 44. Bd5 Bd4 45. Ke4 Kg6 46. Bc6 h5 47. Be8+ Kh6 48. Bxh5 Kg7 49.
Kd5 Kf6 50. Be8 Ke7 51. Bg6 Kf6 52. Be4 Ke7 53. Kc6 Ke6 54. b6 Ke7 55. Kc7 Ke6 56.
b7 Ba7 57. b8=Q Bxb8+ 58. Kxb8 Kd6 59. Kb7 Kc5 60. Kc7 Kd4 61. Bc2 e4 62. Bd1 e3 63.
Kd6 Ke4 64. Ke6 Kd3 65. Kf5 e2 66. Bxe2+ Kxe2 67. Kxg5 1-0

[Event "*** Titled Tuesday Blitz"]
[Site "Chess.com"]
[Date "2021.03.30"]
[Round "9"]
[White "retropwr"]
[Black "AEMEffi"]
[Result "1-0"]
[WhiteElo "2428"]
[BlackElo "2260"]
[TimeControl "180+1"]
[EndTime "11:47:25 PDT"]
[Termination "retropwr won on time"]

1. c4 Nf6 2. Nf3 c6 3. Nc3 d5 4. e3 a6 5. Be2 g6 6. O-O Bg7 7.
d4 O-O 8. b3 b5 9. Bb2 dxc4 10.
bxc4 b4 11. Na4 a5 12. Qb3 Ne4 13. Rfd1 Na6 14. c5 Be6 15. Bc4 Bxc4 16. Qxc4 Nc7 17. Ne5 Qe8 18. f3 Nf6 19. e4 e6 20. a3 Rb8 21. Nb6 Bh6 22. Bc1 Bxc1 23. Rdxc1 bxa3 24. Rxa3 Na8 25. Rb1 Nxb6 26. cxb6 Nd7 27. Qxc6 Nxe5 28. Qxe8 Rfxe8 29. dxe5 Rb7 30. Rxa5 Reb8 31. Ra6 Kf8 32. Kf2 Ke7 33. Ra7 Kd7 34. Rxb7+ Rxb7 35. Ke3 Kc6 36. Kf4 h6 37. h4 Rxb6 38. Rxb6+ Kxb6 39. h5 Kc6 40. hxg6 fxg6 41. Ke3 Kc5 42. Kd3 g5 43. g3 h5 44. f4 g4 45. f5 exf5 46. exf5 Kd5 47.
e6 Kd6 48. Ke4 Ke7 49. Ke3 Kf6 50. Kf4 Ke7 51. Kg5 1-0

[Event "*** Titled Tuesday Blitz"]
[Site "Chess.com"]
[Date "2021.03.30"]
[Round "9"]
[White "malakismayil"]
[Black "WonderChampion"]
[Result "0-1"]
[WhiteElo "2304"]
[BlackElo "2134"]
[TimeControl "180+1"]
[EndTime "11:47:25 PDT"]
[Termination "WonderChampion won on time"]

1. e4 c5 2. Nf3 g6 3. d4 cxd4 4.
Nxd4 Nc6 5. Nc3 Bg7 6. Nxc6 bxc6 7. Bc4 Nf6 8. O-O d6 9. Bg5 O-O 10. Qd2 Bd7 11. Rad1 Qc7 12. Kh1 Rfb8 13. Bb3 a5 14. a4 Qb7 15. e5 Ne8 16. Bxe7 Bxe5 17. f4 Bg7 18. Bxd6 Nxd6 19. Qxd6 Bf5 20. Rfe1 Re8 21.
Qc5 Bf8 22. Qf2 Rad8 23. h3 Rxd1 24. Rxd1 Qc7 25. Ne2 c5 26. Bc4 Bg7 27. Nc3 Bd4 28.
Rxd4 cxd4 29. Qxd4 Be6 30. Bb5 Rd8 31. Qe3 Kg7 32. Bd3 Qd6 33. f5 Bxf5 34. Bxf5 gxf5 35. Qg5+ Kh8 36. Qxf5 Qe6 37. Qf4 Qg6 38. Qf2 Re8 39. Qd4+ Kg8 40. Qf2 Re6 41. Nd5 Kg7 42. Nf4 Qf5 43. Qg3+ Rg6 44. Nxg6 hxg6 45. Qc3+ Kh7 46. Qd2 Qf1+ 47. Kh2 Qf5 48. Qd3 Qe5+ 49. Kh1 Qe1+ 50. Kh2 Qe5+ 51. g3 Qxb2 52. Qc4 Qf6 53. Kg2 Kg7 54. Qd3 Qc6+ 55. Kh2 Qf6 56. Qd2 Qe6 57.
Qg2 Qd6 58. Qd2 Qxd2+ 0-1

[Event "*** Titled Tuesday Blitz"]
[Site "Chess.com"]
[Date "2021.03.30"]
[Round "9"]
[White "akanga001"]
[Black "ElCoachRene"]
[Result "1-0"]
[WhiteElo "2017"]
[BlackElo "2201"]
[TimeControl "180+1"]
[EndTime "11:47:25 PDT"]
[Termination "akanga001 won on time"]

1. d4 Nc6 2. Nf3 Nf6 3. Bg5 e6 4. e3 Be7 5. c3 d6 6. Bd3 O-O 7. a4 e5 8. Nbd2 h6 9. Bxf6 Bxf6 10. d5 Nb8 11. e4 Bg4 12. O-O Nd7 13. b4 a6 14. Nc4 Be7 15. Ne3 Bh5 16. Nf5 Bf6 17. h3 Kh7 18. g4 Bg6 19. Ng3 Bg5 20. Nxg5+ Qxg5 21. Kg2 Qh4 22. a5 Kg8 23. Qa4 Rad8 24. b5 axb5 25. Qxb5 Nf6 26. Qxb7 Rb8 27. Qa6 Ra8 28.
Qc4 Rfc8 29. a6 Ra7 30. Rfb1 Nd7 31. Rb7 Rca8 32. Qxc7 Rxb7 33. Qxb7 Rd8 34. a7 Nc5 35. Qc7 Nxd3 36. a8=Q Nf4+ 37. Kf3 Rxa8 38. Rxa8+ Kh7 39. Qd8 Bxe4+ 40. Nxe4 Qxh3+ 41. Ng3 Qg2+ 42. Ke3 Nxd5+ 43. Ke2 1-0

[Event "*** Titled Tuesday Blitz"]
[Site "Chess.com"]
[Date "2021.03.30"]
[Round "9"]
[White "Ave_Mariia"]
[Black "Agoking701"]
[Result "0-1"]
[WhiteElo "2477"]
[BlackElo "2343"]
[TimeControl "180+1"]
[EndTime "11:47:26 PDT"]
[Termination "Agoking701 won by resignation"]

1. d4 Nf6 2. c4 g6 3. Nc3 Bg7 4. e4 O-O 5. Be2 d6 6. Nf3 e5 7. O-O Nc6 8. d5 Ne7 9. b4 a5 10. bxa5 Nd7 11. Ba3 Nc5 12. Bb4 f5 13. Nd2 fxe4 14.
Ndxe4 Nxe4 15. Nxe4 Nf5 16. c5 Rf7 17. Rc1 dxc5 18.
Nxc5 Nd4 19. Bc4 Kh8 20. d6 Rf4 21. dxc7 Qxc7 22. Nd3 Nf3+ 23. gxf3 Rxc4 24. Rxc4 Qxc4 25. Qb3 Qh4 26. Qd5 Bh3 27. f4 Qg4+ 28. Kh1 Bxf1 29. Nxe5 Bxe5 30. Qxe5+ Kg8 31. Qd5+ Kg7 32. Bc3+ Kh6 33. f5 Be2 34. Bd2+ g5 35. Qe6+ Kh5 36. Qf7+ Kh4 37. Qxh7+ Qh5 38. Qc7 Qf3+ 39. Kg1 Qg4+ 40.
Qg3+ Qxg3+ 41. fxg3+ Kg4 42. f6 Kf5 43. Kf2 Bc4 44. Bc3 Bxa2 45. h3 Be6 46. g4+ Ke4 47.
Kg3 Rc8 48. Bb2 Rc2 0-1

[Event "*** Titled Tuesday Blitz"]
[Site "Chess.com"]
[Date "2021.03.30"]
[Round "9"]
[White "Yaryi_sergey"]
[Black "nikitakhoroshev"]
[Result "0-1"]
[WhiteElo "2531"]
[BlackElo "2681"]
[TimeControl "180+1"]
[EndTime "11:47:27 PDT"]
[Termination "nikitakhoroshev won by resignation"]

1. Nf3 Nf6 2. d4 g6 3. g3 Bg7 4. Bg2 d6 5. O-O O-O 6. b4 a5 7. b5 Nbd7 8. a4 Nb6 9. Nbd2 c5 10. Bb2 Be6 11. c3 Qc7 12. e4 Bg4 13. d5 Nfd7 14.
h3 Bxf3 15. Bxf3 Ne5 16. Be2 c4 17. f4 Nd3 18. Ba3 Bxc3 19. Bxd3 Bxa1 20. Qxa1 cxd3 21. Rc1 Qd7 22. Kg2 Rac8 23. Rc3 Nxa4 24. Rxd3 Nc5 25.
Re3 Qxb5 26. Qd4 Qa4 27. Bxc5 Qxd4 28. Bxd4 Rc2 29. Re2 b5 30. Kf3 b4 31. e5 a4 32. h4 b3 33. exd6 exd6 34. Ne4 Rxe2 35. Nf6+ Kh8 36. Nd7+ f6 37. Kxe2 Re8+ 38. Kd3 a3 39. Nxf6 Ra8 40. Ne8+ Kg8 41. Nxd6 Rd8 42.
Ne4 b2 43. Bxb2 axb2 44. Kc2 Rb8 45. Kb1 Kf7 46. g4 Rb4 47. Ng5+ Ke7 48. f5 Rxg4 49. fxg6 hxg6 50. Kxb2 Rd4 51. Kc3 Rxd5 52. Kc4 Rd1 53. Kc3 Kf6 54. Nf3 Kf5 55. Kc2 Rd8 56. Kc3 Rd1 57.
Nd4+ Kg4 58. Nc2 Kxh4 59. Ne3 Rd8 60. Kc4 g5 61. Nf5+ Kh3 62. Ng7 g4 63. Ne6 Rd1 64. Nf4+ Kg3 65. Ne2+ Kf2 66. Nc3 Rd8 67. Ne4+ Ke3 68.
Nf6 g3 0-1

[Event "*** Titled Tuesday Blitz"]
[Site "Chess.com"]
[Date "2021.03.30"]
[Round "9"]
[White "JoliyRoger"]
[Black "Mikhail_Golubev"]
[Result "0-1"]
[WhiteElo "2393"]
[BlackElo "2553"]
[TimeControl "180+1"]
[EndTime "11:47:27 PDT"]
[Termination "Mikhail_Golubev won on time"]

1. d4 Nf6 2. c4 g6 3. Nc3 Bg7 4. e4 d6 5. Nf3 O-O 6. h3 Na6 7. Bg5 Qe8 8. Be2 e5 9. d5 Nh5 10. Qd2 f5 11. Nh2 Nf4 12. Bf1 h6 13. Bh4 g5 14. Bg3 Nc5 15. f3 fxe4 16. fxe4 Qg6 17. Qe3 a5 18. O-O-O Bd7 19. Rg1 Rf7 20. Be2 Raf8 21. Bg4 Be8 22. Rd2 h5 23. Bd1 Bd7 24. Bc2 Bh6 25. Qe1 g4 26. Kb1 Kh8 27. hxg4 hxg4 28. Nf1 Nh5 29. Rd1 Rxf1 30. Rxf1 Rxf1 31. Qxf1 Nxg3 32. Qe1 Bf4 33. a3 Kg7 34. Ka2 a4 35. Ne2 Nxe2 36. Qxe2 Qh6 37. Rf1 Qh4 38. Qd1 g3 39.
Qe1 Bg4 40. Rh1 Qd8 41. Bd1 Bd7 42. Bf3 Nd3 43. Qe2 Nf2 44. Rh5 Kg6 45. Qf1 Ng4 46. Qh1 Nh2 0-1

[Event "*** Titled Tuesday Blitz"]
[Site "Chess.com"]
[Date "2021.03.30"]
[Round "9"]
[White "Kostukov_Alex"]
[Black "Kislov_Oleg"]
[Result "0-1"]
[WhiteElo "2317"]
[BlackElo "2484"]
[TimeControl "180+1"]
[EndTime "11:47:27 PDT"]
[Termination "Kislov_Oleg won on time"]

1. g3 d5 2. Bg2 Nf6 3. d3 c6 4. e4 dxe4 5. dxe4 Qxd1+ 6. Kxd1 e5 7. f3 Bc5 8. Nd2 Be6 9. Bh3 Ke7 10. Bxe6 Kxe6 11. Nh3 h6 12. Nb3 Bb6 13. Ke2 Nbd7 14. Be3 Rhd8 15. Rhd1 Ne8 16. Nf2 Nd6 17. Nd2 Bxe3 18.
Kxe3 Nc5 19. b4 Na4 20. Nd3 Nc3 21. Rf1 b6 22. a4 a5 23. Ra3 axb4 24. Nxb4 Ndb5 25.
Rb3 Rxa4 26. Nxc6 Rc8 27. Nb4 Nd4 28. Rb2 Rxb4 29. Rxb4 Nxc2+ 30. Kf2 Nxb4 31. Ra1 Nca2 32.
Nf1 Rc2+ 33. Ke3 Kd6 34. Nd2 Kc5 35. f4 f6 36. fxe5 fxe5 37. Rf1 Rc3+ 38. Ke2 Nc1+ 39.
Kd1 Ncd3 40. Rf7 Rc1+ 41. Ke2 Re1+ 42. Kf3 g5 43. Kg4 Nc6 44. Kh5 Re2 45. Nf3 b5 46. Kxh6 b4 47. Kxg5 b3 48. Rb7 Ndb4 49. Rc7 b2 50. Nxe5 b1=Q 51. Nxc6 Nxc6 52. Re7 Rxe4 0-1

[Event "*** Titled Tuesday Blitz"]
[Site "Chess.com"]
[Date "2021.03.30"]
[Round "9"]
[White "Perecke"]
[Black "lucachess49"]
[Result "0-1"]
[WhiteElo "2298"]
[BlackElo "2440"]
[TimeControl "180+1"]
[EndTime "11:47:27 PDT"]
[Termination "lucachess49 won on time"]

1. e4 e5 2. Nf3 Nc6 3. Bb5 a6 4. Ba4 Nf6 5. O-O Be7 6. Re1 b5 7. Bb3 d6 8. c3 O-O 9. h3 Na5 10.
Bc2 c5 11. d4 Qc7 12. Nbd2 Nc6 13. a3 Bd7 14. d5 Nd8 15. Nf1 Ne8 16. g4 g6 17. Ng3 Ng7 18. Bh6 f6 19. Kh2 Nf7 20.
Be3 Ng5 21. h4 Bxg4 22. hxg5 fxg5 23. Bxg5 Bxf3 24. Qd2 Bxg5 25. Qxg5 Qd8 26. Qxd8 Raxd8 27. a4 b4 28. cxb4 cxb4 29. Bd3 a5 30. Rac1 Rc8 31. Rc6 Rxc6 32. dxc6 Rc8 33. Rc1 Ne6 34. Nf1 Nc5 35.
Bb5 Bxe4 36. Rd1 Bxc6 37. Rxd6 Bxb5 38. axb5 Rb8 39. b6 a4 40. Ne3 a3 41. bxa3 bxa3 42.
Nc2 a2 43. Na1 Kf7 44. Rd2 Rxb6 45. Rxa2 Ne4 46. f3 Ng5 47. Rf2 Kf6 48. Nc2 Rb2 49. Kg3 Ne6 0-1

[Event "*** Titled Tuesday Blitz"]
[Site "Chess.com"]
[Date "2021.03.30"]
[Round "9"]
[White "The_Machine04"]
[Black "HanSchut"]
[Result "1-0"]
[WhiteElo "2430"]
[BlackElo "2256"]
[TimeControl "180+1"]
[EndTime "11:47:27 PDT"]
[Termination "The_Machine04 won by resignation"]

1. d4 Nf6 2. Bg5 d5 3. e3 g6 4.
Bxf6 exf6 5. g3 Bd6 6. Bg2 c6 7. Ne2 O-O 8. O-O Re8 9. b3 Bg4 10. h3 Bxe2 11. Qxe2 Qb6 12. c4 Qxd4 13. exd4 Rxe2 14.
cxd5 cxd5 15. Nc3 Rc2 16. Nxd5 Nc6 17. Rfd1 Kg7 18. Ne3 Rc3 19. d5 Nb4 20. Nc4 Rd8 21.
Rd2 b5 22. Ne3 Rdc8 23. Rad1 Nc2 24. Nxc2 Rxc2 25. Bf1 a6 26. a4 Rxd2 27. Rxd2 bxa4 28. bxa4 a5 29. Bb5 Rc1+ 30. Kg2 f5 31. Bc6 Kf6 32. Rb2 Ke5 33. Rb7 Kf6 34. Be8 Ke5 35. Bxf7 Rc4 36.
Rd7 Rxa4 37. f4+ Ke4 38. Rxd6 Ra2+ 39. Kf1 Kf3 40. Ke1 Kxg3 41. Ra6 Kxf4 42. d6 Ke3 43. Bxa2 1-0

[Event "*** Titled Tuesday Blitz"]
[Site "Chess.com"]
[Date "2021.03.30"]
[Round "9"]
[White "Das_Virus_2020"]
[Black "DanielTitichoca"]
[Result "0-1"]
[WhiteElo "2440"]
[BlackElo "2296"]
[TimeControl "180+1"]
[EndTime "11:47:27 PDT"]
[Termination "DanielTitichoca won on time"]

1. e4 c5 2. c3 d5 3. exd5 Qxd5 4. d4 Nc6 5. Nf3 Bg4 6. Be2 e5 7. dxe5 Bxf3 8. Bxf3 Qxd1+ 9. Bxd1 Nxe5 10. O-O O-O-O 11. Be3 Nf6 12. Na3 a6 13. Be2 Nd5 14. Bg5 Be7 15.
Bxe7 Nxe7 16. Rad1 Rxd1 17. Rxd1 Rd8 18. Rxd8+ Kxd8 19. Nc4 Nxc4 20. Bxc4 f6 21. a4 Kc7 22. f4 Kb6 23. Kf2 Ka5 24. b3 b5 25. axb5 axb5 26. Bf7 Nf5 27. g4 Nd6 28. Bd5 c4 29. b4+ Ka4 30. Ke3 Kb3 31. Kd4 Nc8 32. Bc6 Na7 33.
Bd7 h6 34. h4 g5 35. fxg5 fxg5 36. h5 Kb2 37. Be8 Kc2 38. Bd7 Kd2 39. Be8 Kc2 40.
Bd7 Kd2 41. Be8 Ke2 42. Bd7 Kf3 43. Ke5 Ke3 44. Kf6 Kd3 45. Kg7 Kxc3 46. Kxh6 Kxb4 47.
Kg7 c3 48. Bf5 Nc6 49. h6 Nd4 0-1

[Event "*** Titled Tuesday Blitz"]
[Site "Chess.com"]
[Date "2021.03.30"]
[Round "9"]
[White "anon219"]
[Black "MarcoRiehle"]
[Result "1-0"]
[WhiteElo "2860"]
[BlackElo "2708"]
[TimeControl "180+1"]
[EndTime "11:47:28 PDT"]
[Termination "anon219 won by resignation"]

1. e4 e5 2. Nf3 Nf6 3. Nxe5 Nxe4 4. Qe2 Qe7 5. Qxe4 d6 6. d4 dxe5 7. dxe5 Nc6 8. f4 Bg4 9. Nc3 O-O-O 10. Be2 Bxe2 11.
Nxe2 Qh4+ 12. g3 Qh3 13. Be3 Be7 14. Kf2 h5 15. c3 h4 16. b4 f5 17. Qg2 Qg4 18. Qf3 Qxf3+ 19. Kxf3 g5 20. b5 g4+ 21. Kf2 Na5 22. Nd4 Bc5 23. gxh4 Nc4 24. Rad1 Nxe3 25. Kxe3 Rxh4 26. Kd3 Bxd4 27. cxd4 Rh3+ 28. Kc4 Ra3 29. Rd2 Rf3 30. e6 Re3 31. d5 Rxe6 32. dxe6 Rxd2 33.
h3 g3 34. Rg1 g2 35. h4 Kd8 36. h5 Ke7 37. h6 Rf2 38. Kd5 c6+ 39. bxc6 bxc6+ 40. Kxc6 Rxf4 41. Rxg2 Kxe6 42. Rh2 Rc4+ 43. Kb7 Rb4+ 44. Ka8 Rd4 45. h7 Rd8+ 46. Kxa7 Rh8 47. a4 f4 48. a5 Kf6 49. a6 Kg6 50. Kb7 f3 51. a7 f2 52. Rxf2 Rxh7+ 53. Ka6 Rh1 54. a8=Q 1-0

[Event "*** Titled Tuesday Blitz"]
[Site "Chess.com"]
[Date "2021.03.30"]
[Round "9"]
[White "Kotofeyca"]
[Black "hypert"]
[Result "0-1"]
[WhiteElo "2386"]
[BlackElo "2532"]
[TimeControl "180+1"]
[EndTime "11:47:28 PDT"]
[Termination "hypert won on time"]

1. d4 Nf6 2. c4 d6 3. Nc3 Nbd7 4. e4 e5 5. Nf3 g6 6. g3 Bg7 7. Bg2 O-O 8. O-O exd4 9. Nxd4 Re8 10. Re1 Nc5 11.
h3 a6 12. Nb3 Nxb3 13. Qxb3 Rb8 14. Qc2 Be6 15. Nd5 c6 16. Nxf6+ Bxf6 17. Bf4 Be5 18. Be3 Qf6 19. Rab1 Bd4 20. Bxd4 Qxd4 21. Rbd1 Qxc4 22. Qxc4 Bxc4 23. b3 Be6 24. Rxd6 Rbd8 25. Red1 Rxd6 26. Rxd6 Kf8 27. f4 Ke7 28. e5 f6 29. Rd4 fxe5 30.
fxe5 Rf8 31. Rb4 Bc8 32. h4 Rd8 33. Rf4 Rd2 34. Rf2 Rd1+ 35. Rf1 Rxf1+ 36. Kxf1 Bf5 37. Kf2 Ke6 38. Ke3 Kxe5 39. b4 Be6 40. a4 Bd5 41.
Bh3 h6 42. Bc8 c5 43. bxc5 Bc6 44. Kd3 Kd5 45. Kc3 a5 46. Kb3 Kxc5 47. Be6 g5 48.
hxg5 hxg5 49. Bf5 Bd5+ 50. Kc3 b6 51. Bd3 Bc6 52. Bc2 b5 53. axb5 Bxb5 54. Bf5 Kd5 0-1

[Event "*** Titled Tuesday Blitz"]
[Site "Chess.com"]
[Date "2021.03.30"]
[Round "9"]
[White "BanjoKazooieN64"]
[Black "LenkaPtacnikova"]
[Result "1-0"]
[WhiteElo "2541"]
[BlackElo "2144"]
[TimeControl "180+1"]
[EndTime "11:47:29 PDT"]
[Termination "BanjoKazooieN64 won by checkmate"]

1. e4 c5 2. Nc3 e6 3. d3 d5 4. g3 dxe4 5. Nxe4 Nc6 6. Bg2 Be7 7.
Nf3 Nf6 8. O-O O-O 9. c3 e5 10.
Qe2 Re8 11. Be3 Nd7 12. d4 exd4 13.
cxd4 cxd4 14. Nxd4 Nxd4 15. Bxd4 Bc5 16. Rfd1 Bxd4 17. Rxd4 Qe7 18. Rad1 Nc5 19. Qc4 Nxe4 20. Rxe4 Be6 21. Qe2 Qf8 22. Re1 Red8 23. Rxe6 fxe6 24. Bxb7 Rab8 25. Bg2 Rd6 26. b3 Rbd8 27. Be4 Rd2 28. Qe3 Rxa2 29. Rf1 Qf6 30. Bd3 Kh8 31. Bc4 e5 32. h4 Rdd2 33. h5 Qf5 34. Qc5 h6 35. Bb5 Rd8 36. Qc7 Rf8 37. Qb7 Qxh5 38. Bd3 Qg5 39. Qe4 g6 40. Bc4 Qf5 41. Qd5 Qf6 42. Qd7 h5 43. Qd3 h4 44. Qe3 hxg3 45. Qh6# 1-0

[Event "*** Titled Tuesday Blitz"]
[Site "Chess.com"]
[Date "2021.03.30"]
[Round "9"]
[White "KaterynaLagno"]
[Black "Ermito2020"]
[Result "0-1"]
[WhiteElo "2679"]
[BlackElo "2549"]
[TimeControl "180+1"]
[EndTime "11:47:30 PDT"]
[Termination "Ermito2020 won on time"]

1. e4 c5 2. Nf3 d6 3. Bb5+ Nd7 4.
Ba4 a6 5. c3 b5 6. Bc2 e5 7. d4 Ngf6 8. O-O Be7 9. Nbd2 Bb7 10. Re1 O-O 11. Nf1 cxd4 12. cxd4 Rc8 13. d5 Re8 14. Ng3 Bf8 15. Bd2 g6 16. a4 Nc5 17.
axb5 axb5 18. Ba5 Qe7 19. b4 Ncd7 20. Bd3 Ba6 21. Qe2 h5 22. Bxb5 Bxb5 23. Qxb5 h4 24. Nxh4 Ng4 25. Nf3 Bh6 26. h3 Ngf6 27. Qe2 Bf4 28.
b5 Kg7 29. b6 Rb8 30. Reb1 Rb7 31. Bd2 Nc5 32. Rb5 Reb8 33. Rab1 Nfd7 34. Bxf4 exf4 35. Qb2+ Kg8 36. Ne2 Qxe4 37. Nc3 Qe7 38. Nd4 Qf6 39. Nc6 Re8 40. Qd2 f3 41. Re1 Rxe1+ 42. Qxe1 Rxb6 43. Rxb6 Nxb6 44. Ne4 Qb2 45.
Nxd6 Qe2 46. Qa1 Nxd5 47. Qd4 Nd3 48. gxf3 N5f4 49. Qe4 Qxf2+ 0-1

[Event "*** Titled Tuesday Blitz"]
[Site "Chess.com"]
[Date "2021.03.30"]
[Round "9"]
[White "Shuvalov"]
[Black "Harry_Rakkel"]
[Result "0-1"]
[WhiteElo "2428"]
[BlackElo "2598"]
[TimeControl "180+1"]
[EndTime "11:47:30 PDT"]
[Termination "Harry_Rakkel won by resignation"]

1. Nf3 d5 2. c4 d4 3. b4 g5 4. Bb2 Bg7 5. Nxg5 e5 6. Ne4 f5 7. Nc5 b6 8. Nb3 Ne7 9. e3 O-O 10. exd4 exd4 11. Qf3 Nbc6 12. b5 Nb4 13. Qxa8 c6 14.
Na3 Qc7 15. bxc6 Ba6 16. Nb5 Qe5+ 17. Kd1 Rxa8 18. Bxd4 Qf4 19. Be3 Qh4 20. Nc7 Rc8 21.
Nxa6 Nxa6 22. Rc1 Nxc6 23. Be2 Nab4 24. Bf3 Ne5 25. Be2 Nbd3 26. Rc3 Nxf2+ 27. Bxf2 Qxf2 28. Rf1 Qxg2 29. Rg3 Qxh2 30. Rfg1 Ng6 31. c5 bxc5 32.
Bc4+ Kh8 33. R1g2 Qh5+ 34. Be2 Qh6 35. Na5 c4 36. Nxc4 Re8 37. Bd3 Be5 38. Nxe5 Nxe5 39. Bxf5 Qf6 40. Be4 Qf1+ 41. Kc2 Rc8+ 42. Rc3 Rxc3+ 43.
dxc3 h5 44. Rd2 Qf4 45. Bd5 h4 46. c4 h3 47. Kc3 h2 48. Rd1 Qe3+ 49. Kb4 Nd3+ 50.
Kc3 Nf2+ 51. Kc2 Nxd1 52. Kxd1 Qg1+ 53. Kd2 Kg7 54. Bh1 Qxh1 0-1

[Event "*** Titled Tuesday Blitz"]
[Site "Chess.com"]
[Date "2021.03.30"]
[Round "9"]
[White "Vaathi_Coming"]
[Black "DrVitman"]
[Result "1/2-1/2"]
[WhiteElo "2796"]
[BlackElo "2656"]
[TimeControl "180+1"]
[EndTime "11:47:31 PDT"]
[Termination "Game drawn by agreement"]

1. c4 Nf6 2. Nc3 d5 3. cxd5 Nxd5 4. e4 Nxc3 5. bxc3 g6 6. d4 Bg7 7. Be3 c5 8. Qd2 cxd4 9. cxd4 O-O 10. Be2 b6 11.
Nf3 Bb7 12. e5 Nc6 13. O-O e6 14. Rfd1 Rc8 15. Bh6 Ne7 16. Bxg7 Kxg7 17. Ng5 h6 18. Nh3 Qd7 19. Nf4 Rfd8 20. Rab1 Nd5 21. Rb3 Nxf4 22. Qxf4 Qe7 23. Bf3 Bd5 24. Bxd5 Rxd5 25. h4 Rc2 26. a3 Rc4 27. Rf3 b5 28. h5 g5 29. Qe4 Qd7 30. Rfd3 Qc6 31. f4 Rdxd4 32.
Qxc6 Rxd3 33. Qd6 Rxd6 34. exd6 Rc8 35. fxg5 hxg5 36. Kf2 f5 37. g4 Kh6 38. Kf3 Rd8 39. d7 a5 40. Rd6 Kg7 41. h6+ Kh7 42. Rxe6 fxg4+ 43. Kxg4 Rxd7 44. Kxg5 Rb7 45. Re3 b4 46.
axb4 axb4 47. Rb3 Rb5+ 48. Kf4 Kxh6 49. Ke4 Kg6 1/2-1/2

[Event "*** Titled Tuesday Blitz"]
[Site "Chess.com"]
[Date "2021.03.30"]
[Round "9"]
[White "kidagent"]
[Black "MalyDominator"]
[Result "0-1"]
[WhiteElo "2326"]
[BlackElo "2491"]
[TimeControl "180+1"]
[EndTime "11:47:31 PDT"]
[Termination "MalyDominator won by resignation"]

1. e4 c5 2. Nf3 d6 3. d4 cxd4 4. Nxd4 Nf6 5. Nc3 Nc6 6. Be2 e5 7. Nb3 Be7 8. Be3 O-O 9. O-O a5 10. a3 a4 11. Nc1 Be6 12. f4 d5 13. exd5 Nxd5 14. Nxd5 Bxd5 15. fxe5 Nxe5 16. Bd4 Nc6 17. Bc3 Bc5+ 18. Kh1 Qg5 19. Bf3 Rad8 20. Nd3 Bd4 21. Bxd4 Nxd4 22. Bxd5 Qxd5 23. Nb4 Qc5 24. Qc1 Rfe8 25.
Rb1 Qh5 26. Qf4 Ne2 27. Qf3 Qxf3 28. Rxf3 Nd4 29. Rf2 f6 30. h3 Re4 31. Kh2 Rde8 32. Rd2 Nf5 33. Rf1 Ne3 34. Rf3 Nc4 35. Rd7 Ne5 36.
Rxb7 Nxf3+ 37. gxf3 Re2+ 38. Kg3 Rd2 39. Nd3 Rxc2 40.
Nf4 Rd2 41. Nh5 Ree2 42. Rxg7+ Kf8 43. Kh4 Rxb2 44. Rxh7 Rb3 45. Nxf6 Rxf3 46. Kg5 Rg2+ 47. Ng4 Rxa3 48. Kf6 Rf3+ 49. Kg6 a3 50. Ra7 a2 51. Kg5 Rf1 52. Ra8+ Ke7 53. Ra7+ Kd6 54. Ra6+ Kc5 0-1

[Event "*** Titled Tuesday Blitz"]
[Site "Chess.com"]
[Date "2021.03.30"]
[Round "9"]
[White "katchesskat"]
[Black "MuhittinBuker"]
[Result "0-1"]
[WhiteElo "2281"]
[BlackElo "2206"]
[TimeControl "180+1"]
[EndTime "11:47:31 PDT"]
[Termination "MuhittinBuker won on time"]

1. c4 Nf6 2. e3 e6 3. a3 d5 4. b4 Be7 5. Bb2 O-O 6. g4 c5 7. bxc5 Bxc5 8. g5 Nfd7 9. h4 dxc4 10. Bxc4 b5 11. Bd3 Bb7 12. Nf3 Qc7 13. Rg1 a6 14. Qc2 Bxf3 15. Bxh7+ Kh8 16. h5 e5 17. h6 Qd6 18. hxg7+ Kxg7 19. g6 f6 20. Qf5 e4 21.
Qh3 Qd3 22. Nc3 Rh8 23. Qe6 Rf8 24. Bg8 Ne5 25. Qh3 Bh5 26. Qxh5 Nf3+ 27. Qxf3 exf3 28. Bd5 Ra7 29. Bxf3 Rd7 30. Rd1 Rfd8 31. Ne4 Be7 32. Rh1 Kxg6 33. Rg1+ Kh6 34. Nxf6 Bxf6 35. Bxf6 Qf5 36.
Bxd8 Rxd8 37. Bg4 Qd3 38. Be2 Qxa3 39. Rh1+ Kg7 40. Rg1+ Kf8 41. f4 Qb4 42. Rg2 a5 43. Bf3 a4 44. Rc1 a3 45. Rh2 a2 46. Bd1 Kg7 47.
Rc7+ Kf6 48. Rh6+ Kf5 49. Rh5+ Ke6 50. Bg4+ Kd6 0-1

[Event "*** Titled Tuesday Blitz"]
[Site "Chess.com"]
[Date "2021.03.30"]
[Round "9"]
[White "AttilaTurzo"]
[Black "The_filthy"]
[Result "1/2-1/2"]
[WhiteElo "2495"]
[BlackElo "2346"]
[TimeControl "180+1"]
[EndTime "11:47:32 PDT"]
[Termination "Game drawn by repetition"]

1. d4 d5 2. Bf4 c5 3. e3 Nc6 4. c3 cxd4 5. exd4 Nf6 6. Nd2 e6 7.
Ngf3 Bd6 8. Bxd6 Qxd6 9. Bd3 O-O 10. O-O e5 11. Nxe5 Nxe5 12. dxe5 Qxe5 13. Nf3 Qh5 14.
Nd4 Qh4 15. Qf3 Be6 16. Rfe1 Rae8 17. Qg3 Qxg3 18. hxg3 a6 19. Re5 Nd7 20. Re3 Nc5 21. Bc2 Bd7 22. Rae1 Rxe3 23. Rxe3 Re8 24. Rxe8+ Bxe8 25. f3 g6 26. Kf2 Kg7 27. Ke3 Kf6 28. b4 Ne6 29. f4 Nxd4 30. Kxd4 Ke6 31. g4 Kd6 32. g5 Bb5 33. Bb3 Bc6 34. a4 b5 35.
axb5 axb5 36. Bc2 Bd7 37. Bd3 Bc6 38. Be2 Bd7 39. Bf3 Bc6 40. g3 Bb7 41. Bg4 Bc6 42.
Bc8 Ba8 43. Ke3 Bc6 44. Ba6 Kc7 45. f5 Bd7 46. Kd4 Kb6 47. Bxb5 Kxb5 48. fxg6 hxg6 49.
Kxd5 Be6+ 50. Kd4 Bb3 51. Kd3 Ba2 52. Kd4 Bc4 53. Ke5 Be6 54. Kd4 Bc4 55. Ke5 Ba2 56.
Kd4 Bc4 1/2-1/2

[Event "*** Titled Tuesday Blitz"]
[Site "Chess.com"]
[Date "2021.03.30"]
[Round "9"]
[White "Susik_Gaboyan"]
[Black "Trickov"]
[Result "0-1"]
[WhiteElo "2251"]
[BlackElo "2413"]
[TimeControl "180+1"]
[EndTime "11:47:33 PDT"]
[Termination "Trickov won by checkmate"]

1. e4 c5 2. Nc3 Nc6 3. Bb5 Nd4 4. Nf3 Nxb5 5. Nxb5 a6 6. Nc3 d6 7. d4 Bg4 8. dxc5 dxc5 9. Be3 e6 10. Qxd8+ Rxd8 11. Ne5 Bh5 12. O-O f6 13. Nc4 f5 14. exf5 exf5 15.
Bg5 Be7 16. Rfe1 h6 17. Bxe7 Nxe7 18. Re5 Kf7 19. Rxc5 Rc8 20. Nd6+ Ke6 21. Nxc8 Nxc8 22. Rc7 g5 23. Rxb7 Rd8 24. Rb6+ Nxb6 25. f3 Rd2 26. Re1+ Kd6 27. Re2 Rxe2 28. Nxe2 f4 29. Nd4 Bg6 30. Kf2 Kd5 31. c3 Nc4 32. b3 Ne3 33. Ne2 Bb1 34. g3 Bxa2 35. gxf4 Nf5 36. fxg5 hxg5 37. b4 Kc4 38. Ke1 Bb1 39. Kd2 Nh4 40. f4 g4 41. Ke3 Nf5+ 42. Kd2 Be4 43. Ng3 Nxg3 44. hxg3 Bf5 45. b5 axb5 46. Kc1 Kxc3 47.
Kd1 b4 48. Ke2 b3 49. Ke3 b2 50. Ke2 b1=Q 51. Ke3 Qd3+ 52. Kf2 Qf3+ 53. Kg1 Qxg3+ 54. Kh1 Be4# 0-1